 Dungeon Crawl Stone Soup version 0.30-a0-862-g1aabd4f9c5 (webtiles) character file.

Game seed: 12555357078638598860

18980 Lavandula the Basher (level 13, 76/76 HPs)
             Began as a Kobold Gladiator on Mar 9, 2023.
             Was an Initiate of Yredelemnul.
             Quit the game on level 12 of the Dungeon.
             The game lasted 00:28:41 (12372 turns).

Lavandula the Basher (Kobold Gladiator)            Turns: 12372, Time: 00:28:41

Health: 76/76      AC: 32    Str: 15    XL:     13   Next: 1%
Magic:  13/13      EV:  9    Int:  5    God:    Yredelemnul [......]
Gold:   781        SH:  0    Dex: 17    Spells: 12/12 levels left

rFire   . . .      SeeInvis +    M - +4 flail (vamp)
rCold   . . .      Faith    .    (no shield)
rNeg    . . .      Spirit   .    w - +0 plate armour
rPois   +          Reflect  .    v - +0 helmet
rElec   .          Rampage  .    Q - +2 cloak {rPois}
rCorr   .                        F - +0 pair of gloves
Will    +++..                    s - +2 pair of boots Stlth
                                 (no amulet)
HPRegen 0.32/turn                r - +4 ring of protection
MPRegen 0.13/turn                E - ring "Nelet" {Will+++ AC+4 Int-5 SInv}

@: no status effects
A: small, no large weapons, nightstalker 3
a: Renounce Religion, Recall Undead Harvest


You were on level 12 of the Dungeon.
You worshipped Yredelemnul.
Yredelemnul was noncommittal.
You visited 1 branch of the dungeon, and saw 12 of its levels.

You collected 945 gold pieces.
You spent 164 gold pieces at shops.

Inventory:

Hand Weapons
 a - a +0 flail
 u - a +0 club
 C - a +4 mace
 M - a +4 vampiric flail (weapon)
Missiles
 d - 2 throwing nets
 e - 4 boomerangs (quivered)
 R - 7 curare-tipped darts
Armour
 s - a +2 pair of boots (worn)
 v - a +0 helmet (worn)
 w - a +0 plate armour (worn)
 F - a +0 pair of gloves (worn)
 Q - a +2 cloak of poison resistance (worn)
Jewellery
 k - a +6 ring of intelligence
 l - a ring of flight
 r - a +4 ring of protection (left hand)
 y - a ring of poison resistance
 E - the ring "Nelet" (right hand) {Will+++ AC+4 Int-5 SInv}
   (You found it on level 6 of the Dungeon)

   [ring of protection]

   AC:        It affects your AC (+4).
   Int:       It affects your intelligence (-5).
   SInv:      It lets you see invisible.
   Will:      It greatly increases your willpower.
 P - a ring of willpower
Wands
 D - a wand of light (8)
 I - a wand of charming (7)
 L - a wand of flame (1)
 O - a wand of digging (3)
 S - a wand of mindburst (7)
Scrolls
 c - 3 scrolls of fear
 h - a scroll of amnesia
 i - 6 scrolls of teleportation
 j - 3 scrolls of poison
 m - 4 scrolls of magic mapping
 A - a scroll of fog
 B - 4 scrolls of immolation
 H - a scroll of summoning
 N - 2 scrolls of blinking
 T - a scroll of vulnerability
Potions
 b - 2 potions of berserk rage {unknown}
 f - 5 potions of heal wounds
 g - 5 potions of curing
 n - a potion of flight
 o - a potion of brilliance
 p - a potion of magic {unknown}
 q - a potion of degeneration {unknown}
 t - a potion of might {unknown}
 x - a potion of lignification
 z - 2 potions of attraction {unknown}
 J - a potion of haste
 K - 2 potions of mutation {unknown}
Miscellaneous
 G - a tin of tremorstones (inert)


   Skills:
 - Level 7.0 Fighting
 - Level 12.2 Maces & Flails
 - Level 6.8 Throwing
 + Level 9.9 Armour
 - Level 5.7 Dodging
 - Level 6.9 Evocations


You had 12 spell levels left.
You didn't know any spells.
Your spell library contained the following spells:

 Spells                   Type           Power      Damage    Failure   Level
 Hailstorm                Conj/Ice       0%         3d3       100%        3
 Vhi's Electric Charge    Tloc/Air       0%         N/A       100%        3
 Ice Form                 Ice/Tmut       0%         N/A       100%        4
 Arcjolt                  Conj/Air       0%         1d10      100%        5
 Malign Gateway           Summ/Tloc      0%         N/A       100%        7
 Maxwell's Capacitive Co  Air            0%         ∞         100%        8
 Summon Horrible Things   Summ           0%         N/A       100%        8
 Simulacrum               Ice/Necr       Unusable   N/A       N/A         6

Dungeon Overview and Level Annotations

Branches:
Dungeon (12/15)              Lair (0/5) D:8             Orc (0/2) D:9
 Temple: D:4-7

Altars:
Ashenzari
Cheibriados
Elyvilon
Fedhas
Kikubaaqudgha
Makhleb
Nemelex Xobeh
Okawaru
Vehumet
Wu Jian
Xom
Yredelemnul
Zin
The Shining One

Shops:
D:3 (   D:5 *((!   D:6 [

Portals:
Trove: D:11 (give +3 shadow dragon scales)


Innate Abilities, Weirdness & Mutations

You are small and have problems with some larger weapons.
You are completely attuned to the shadows.


Message History

The deep elf pyromancer is heavily wounded.
The deep elf pyromancer hits you but does no damage.
You hit the deep elf pyromancer.
The deep elf pyromancer is heavily wounded.
The deep elf pyromancer hits you but does no damage.
You sock the deep elf pyromancer!
The deep elf pyromancer is severely wounded.
The deep elf pyromancer gestures wildly while chanting.
You miss the deep elf pyromancer.
The deep elf pyromancer is severely wounded.
The deep elf pyromancer hits you but does no damage.
You sock the deep elf pyromancer!
The deep elf pyromancer is almost dead.
You sock the deep elf pyromancer!
You kill the deep elf pyromancer!
The fire elemental disappears in a puff of smoke!
You have reached level 13!
You now have 781 gold pieces (gained 13).
Found a stone staircase leading up.
N - 2 scrolls of blinking (gained 1)
There is a stone staircase leading up here.
A two-headed ogre comes into view.
It is wielding a +0 giant spiked club and a +0 giant club.
The two-headed ogre shouts in stereo!
A two-headed ogre is nearby!
A two-headed ogre is nearby!
A two-headed ogre is nearby!
Throw: 4 boomerangs
Press: ? - help, Q - select action, (/) - cycle Shift-Dir - straight line, f - two-headed ogre
Aim: a two-headed ogre, wielding a +0 giant spiked club and a +0 giant club (79% to hit)
You throw a boomerang. The boomerang hits the two-headed ogre.
The two-headed ogre is lightly wounded.
Throw: 4 boomerangs
Press: ? - help, Q - select action, (/) - cycle Shift-Dir - straight line, f/p - two-headed ogre
Aim: a two-headed ogre, wielding a +0 giant spiked club and a +0 giant club (lightly wounded, 79% to hit)
You throw a boomerang.
The boomerang hits the two-headed ogre but does no damage.
The two-headed ogre is lightly wounded.
Unknown command.
Enter note: shit, boomerangs aren't allowed Are you sure you want to abandon this character and quit the game? (Confirm with "yes".)

#.# #.# ##########.#
...........# ..
......####.# #.
####.## ### ##. #.#
#..######.##########
#..@................
#.O######.#########.
.... #.# #. ..##
#####.# #. ..
......# #.
#####.#########.
#.<..........
#############


You could see a two-headed ogre.

Vanquished Creatures
  Erolcha (D:9)
  A boulder beetle (D:8)
  A centaur warrior (D:8)
  Erica (D:11)
  3 two-headed ogres
  Sonja (D:10)
  A deep elf pyromancer (D:12)
  A cyclops (D:11)
  Maurice (D:10)
  A gargoyle (D:11)
  2 unseen horrors (D:10)
  A kobold demonologist (D:11)
  Psyche (D:8)
  3 komodo dragons
  2 trolls
  Grinder (D:3)
  Sigmund (D:3)
  A shadow (D:9)
  15 yaks
  3 wyverns
  3 steam dragons (D:8)
  Menkaure (D:7)
  Duvessa (D:7)
  10 orc warriors
  2 black bears
  2 ogres (D:5)
  7 centaurs
  A phantom (D:7)
  3 kobold brigands (D:11)
  Blork the orc (D:6)
  4 bullfrogs
  3 scorpions
  A necrophage (D:5)
  8 wights
  Dowan (D:7)
  5 killer bees (D:10)
  3 howler monkeys
  A crimson imp (D:9)
  2 hounds (D:5)
  3 orc priests
  A sleepcap (D:8)
  4 orc wizards
  3 iguanas
  Natasha (twice) (D:4)
  A mummy (D:5)
  A howler monkey zombie (D:5)
  Robin (D:3)
  4 adders
  A shadow imp (D:6)
  2 ufetubi (D:6)
  2 worms (D:3)
  A dart slug (D:2)
  33 orcs
  2 ball pythons
  9 bats
  8 endoplasms
  2 giant cockroaches (D:1)
  14 goblins
  8 hobgoblins
  6 jackals
  3 quokkas
  8 frilled lizards
  5 kobolds
  3 rats
228 creatures vanquished.

Vanquished Creatures (collateral kills)
  A two-headed ogre (D:9)
  A gargoyle (D:11)
  A kobold demonologist (D:11)
  2 yaks
  2 steam dragons
  A black bear (D:8)
  A centaur (D:11)
  2 bullfrogs
  A scorpion (D:5)
  A killer bee (D:10)
  3 howler monkeys
  A vampire bat (D:5)
  An orc priest (D:10)
  A jelly (D:8)
  Jessica (D:3)
  3 adders
  2 orcs
  A ball python (D:3)
  3 bats (D:5)
  A goblin (D:3)
  2 jackals (D:5)
  2 kobolds
34 creatures vanquished.

Vanquished Creatures (others)
  An orc knight (D:11)
  2 two-headed ogre zombies
  A sky beast (D:6)
  A wyvern zombie (D:8)
  A cyclops zombie (D:11)
  7 yak zombies
  2 bullfrog zombies (D:9)
  2 centaur zombies
  3 killer bee zombies (D:10)
  4 kobold zombies (D:11)
  3 howler monkey zombies (D:8)
  3 adder zombies
  An elf zombie (D:7)
  2 bat zombies (D:5)
  2 goblin zombies (D:3)
  A hobgoblin zombie (D:3)
  2 jackal zombies (D:5)
  17 orc zombies
  A spectral ufetubus (D:6)
  19 plants (D:8)
75 creatures vanquished.

Grand Total: 337 creatures vanquished

Notes
Turn   | Place    | Note
-------+----------+-------------------------------------------
     0 | D:1      | Lavandula the Kobold Gladiator began the quest for the Orb.
     0 | D:1      | Reached XP level 1. HP: 12/12 MP: 1/1
    41 | D:1      | Reached skill level 3 in Maces & Flails
    81 | D:1      | Reached XP level 2. HP: 17/17 MP: 2/2
   479 | D:1      | Found a faded altar of an unknown god.
   750 | D:1      | Reached XP level 3. HP: 18/21 MP: 3/3
  1162 | D:2      | Reached skill level 4 in Maces & Flails
  1334 | D:2      | Found a basalt altar of Yredelemnul.
  1566 | D:2      | Became a worshipper of Yredelemnul the Dark
  2279 | D:3      | Noticed Grinder
  2355 | D:3      | Noticed Robin
  2362 | D:2      | Reached XP level 4. HP: 21/26 MP: 4/4
  2472 | D:3      | Killed Robin
  2743 | D:3      | Reached * piety under Yredelemnul
  2845 | D:3      | Noticed Sigmund
  2877 | D:3      | Killed Sigmund
  2878 | D:3      | Reached skill level 6 in Maces & Flails
  2878 | D:3      | Reached XP level 5. HP: 30/30 MP: 5/5
  2878 | D:3      | Reached XP level 6. HP: 35/35 MP: 6/6
  3315 | D:3      | Paralysed by Grinder for 3 turns
  3321 | D:3      | Killed Grinder
  3322 | D:3      | Reached XP level 7. HP: 11/40 MP: 7/7
  3469 | D:3      | Found Raizor's Weapon Emporium.
  3559 | D:3      | Noticed Jessica
  3568 | D:3      | Killed Jessica
  3943 | D:4      | Noticed Natasha
  3954 | D:4      | Killed Natasha
  4139 | D:4      | HP: 1/40 [iguana (10)]
  4405 | D:4      | Noticed Natasha
  4415 | D:4      | Killed Natasha
  4470 | D:5      | Entered Level 5 of the Dungeon
  4594 | D:5      | Reached XP level 8. HP: 25/44 MP: 8/8
  4683 | D:5      | Found an ancient bone altar of Kikubaaqudgha.
  4702 | D:5      | Reached skill level 5 in Armour
  4859 | D:5      | Found Inettuzua's General Store.
  4864 | D:5      | Bought a scroll of identify for 24 gold pieces
  4864 | D:5      | Bought a potion of curing for 36 gold pieces
  4961 | D:5      | Found Neuj's Distillery.
  4964 | D:5      | Bought a potion of heal wounds for 65 gold pieces
  4964 | D:5      | Bought a potion of lignification for 39 gold pieces
  4975 | D:5      | Found Lorph's Weapon Shop.
  5015 | D:5      | Found Laumavem's Weapon Emporium.
  5214 | D:5      | Reached ** piety under Yredelemnul
  5500 | D:5      | Reached skill level 7 in Maces & Flails
  5674 | D:6      | Found Hiplul's Antique Armour Boutique.
  5684 | D:6      | Found a shimmering altar of Xom.
  5744 | D:6      | Reached XP level 9. HP: 46/48 MP: 9/9
  5810 | D:6      | Reached skill level 8 in Maces & Flails
  5891 | D:6      | Found a snail-covered altar of Cheibriados.
  5895 | D:6      | Identified the ring "Nelet" {Will+++ AC+4 Int-5 SInv}
  5964 | D:6      | Noticed Blork the orc
  5973 | D:6      | Killed Blork the orc
  5984 | D:6      | Identified the +4 trident of the Wilderness {flame, rElec}
  6076 | D:6      | Found a white marble altar of Elyvilon.
  6584 | D:7      | Found a broken altar of Ashenzari.
  6682 | D:7      | Reached skill level 9 in Maces & Flails
  6725 | D:7      | Noticed Dowan
  6725 | D:7      | Noticed Menkaure
  6725 | D:7      | Noticed Duvessa
  6746 | D:7      | Killed Dowan
  6746 | D:7      | Killed Menkaure
  6879 | D:7      | Your ally Dowan died
  6890 | D:7      | Killed Duvessa
  7238 | D:7      | Identified the +1 ring mail of Umnakh {rC+ Str+3}
  7304 | D:7      | Reached skill level 10 in Maces & Flails
  7542 | D:8      | Found an ornate altar of the Wu Jian Council.
  7580 | D:8      | Reached skill level 1 in Evocations
  7778 | D:8      | Reached XP level 10. HP: 52/53 MP: 10/10
  7796 | D:8      | Reached skill level 5 in Evocations
  7885 | D:8      | Noticed Psyche
  8034 | D:8      | Noticed a boulder beetle
  8129 | D:8      | Noticed a centaur warrior
  8139 | D:8      | Noticed a two-headed ogre
  8143 | D:8      | Killed a boulder beetle
  8145 | D:8      | Noticed a komodo dragon
  8149 | D:8      | Killed a two-headed ogre
  8149 | D:8      | Killed a centaur warrior
  8150 | D:8      | Reached skill level 11 in Maces & Flails
  8269 | D:7      | Reached XP level 11. HP: 44/57 MP: 11/11
  8275 | D:7      | Reached skill level 12 in Maces & Flails
  8645 | D:8      | Killed Psyche
  8745 | D:8      | Found a staircase to the Lair.
  9041 | D:8      | Reached skill level 5 in Throwing
  9320 | D:9      | Noticed a two-headed ogre
  9326 | D:9      | Killed a two-headed ogre
  9365 | D:9      | Reached *** piety under Yredelemnul
  9373 | D:9      | Reached **** piety under Yredelemnul
  9469 | D:9      | Noticed Erolcha
  9502 | D:9      | Killed Erolcha
  9503 | D:9      | Reached skill level 5 in Fighting
  9686 | D:10     | Entered Level 10 of the Dungeon
  9728 | D:9      | Found a staircase to the Orcish Mines.
  9934 | D:9      | Noticed a two-headed ogre
  9944 | D:9      | Killed a two-headed ogre
 10198 | D:9      | Found a radiant altar of Vehumet.
 10198 | D:9      | Found a burning altar of Makhleb.
 10250 | D:9      | Found a glowing golden altar of the Shining One.
 10332 | D:10     | Reached XP level 12. HP: 69/72 MP: 12/12
 10404 | D:10     | Noticed Maurice
 10420 | D:10     | Reached skill level 5 in Dodging
 10443 | D:10     | Killed Maurice
 10684 | D:10     | Noticed Sonja
 10694 | D:10     | Killed Sonja
 10785 | D:10     | Found an iron altar of Okawaru.
 10786 | D:10     | Found a blossoming altar of Fedhas.
 10787 | D:10     | Found a glowing silver altar of Zin.
 10857 | D:10     | Found a sparkling altar of Nemelex Xobeh.
 11501 | D:11     | Found a portal to a secret trove of treasure.
 11508 | D:11     | Noticed a two-headed ogre
 11518 | D:11     | Killed a two-headed ogre
 12139 | D:11     | Noticed Erica
 12142 | D:11     | Killed Erica
 12295 | D:12     | Reached XP level 13. HP: 76/76 MP: 13/13
 12372 | D:12     | shit, boomerangs aren't allowed
 12372 | D:12     | Quit the game

Illustrated notes

#.# #.# ##########.#
...........# ..
......####.# #.
####.## ### ##. #.#
#..######.##########
#..@................
#.O######.#########.
.... #.# #. ..##
#####.# #. ..
......# #.
#####.#########.
#.<..........
#############


Turn 12372 on D:12: shit, boomerangs aren't allowed

Levels and vault maps discovered:
D:1:      psy_arrival_whirlpool, layout_basic,
          shapermc_ecumenical_altar_mp_highgroup
D:2:      layout_basic, basic_altar, kennysheep_minor_cross
D:3:      layout_loops_corners, serial_shops, nicolae_shop_bloodbath_and_beyond,
          kennysheep_pointless_box, nicolae_hexahallways, uniq_sigmund,
          uniq_jessica, uniq_robin, uniq_grinder
D:4:      minmay_chambers_of_twos, layout_gridville, lemuel_tele_altar,
          minmay_temple_entry_poolview, serial_co_window_serial,
          co_window_paths_a, co_window_paths_a, co_window_of_opportunity_a,
          co_window_paths_a, co_window_paths_b, co_window_corner_b,
          co_window_broadway_a, co_window_of_opportunity_b,
          ebering_dispersal_statue_hall, amcnicky_mini_rare_corridor_liquid,
          uniq_natasha
D:5:      layout_cave_pools, lemuel_mausoleum_altar_yredelemnul,
          kiku_gazebo_pond_becter, serial_shops, shop, nicolae_diamond_shop,
          nicolae_shop_behind_doors, nicolae_shop_behind_doors,
          nicolae_inconvenience_store, roderic_batcave
D:6:      layout_cave_pools, mainiacjoe_overflow_six_doors_small,
          mainiacjoe_overflow_concentric_impassable, elyvilon_altar_1,
          nicolae_take_the_stairs, nicolae_concentric_dashed_squares_mild,
          uniq_blork_the_orc
D:7:      layout_loops_ring, mainiacjoe_overflow_boulevard, uniq_menkaure,
          uniq_duvessa
D:8:      wad_guarded_room, layout_rooms, pdpol_wu_jian_five_deadly_venoms,
          david_lair_shrubbed, uniq_psyche
D:9:      layout_cave_pools, grunt_temple_overflow_lords_of_destruction,
          nicolae_tso_carved_into_rock, orc_0_dummy, st_stairs_1, uniq_erolcha
D:10:     layout_rooms, nemelex_diamond_rough_becter,
          chequers_temple_overflow_statue_of_worship, uniq_fannar, uniq_sonja,
          uniq_maurice
D:11:     layout_long_grid, nicolae_trove_entry_isolated, special_room
          [special_room_orc], nicolae_straight_to_the_point, uniq_erica
D:12:     layout_basic, special_room [special_room_orc],
          hellmonk_guarded_unrand_lears

Skill      XL: |  1  2  3  4  5  6  7  8  9 10 11 12 |
---------------+-------------------------------------+-----
Maces & Flails | 3 4 6 7 10 11 12 | 12.2
Armour         | 2 4 5 9 |  9.9
Evocations     | 3 6 |  6.9
Throwing       | 6 |  6.8
Fighting       | 7 |  7.0
Dodging        | 4 5 |  5.7

Action                     |  1- 3 |  4- 6 |  7- 9 | 10-12 | 13-15 || total
---------------------------+-------+-------+-------+-------+-------++-------
  Melee: Flail             |   111 |   106 |   270 |   408 |       ||   895
         Punch             |       |     1 |     6 |    20 |       ||    27
         Mace              |       |       |   129 |   138 |       ||   267
  Throw: Throwing net      |       |     5 |       |       |       ||     5
         Boomerang         |       |       |       |     8 |     2 ||    10
  Evoke: Wand              |       |       |     8 |    14 |       ||    22
         Tin of tremorston |       |       |       |     2 |       ||     2
    Use: Potion            |       |     1 |     4 |     4 |       ||     9
         Scroll            |       |       |     5 |    11 |       ||    16
   Stab: Sleeping          |     9 |       |       |       |       ||     9
         Held in net/web   |       |     2 |       |       |       ||     2
         Distracted        |       |       |     6 |     8 |       ||    14
         Invisible         |       |       |     3 |     5 |       ||     8
 Armour: Leather armour    |    22 |       |       |       |       ||    22
         Scale mail        |     1 |    23 |       |       |       ||    24
         Plate armour      |       |    38 |   389 |   373 |       ||   800
         Skin              |       |       |     7 |    11 |       ||    18
  Dodge: Dodged            |    95 |    42 |   188 |   206 |       ||   531

Table legend: (Time is in decaauts)
 A = Elapsed time spent in this place.
 B = Non-inter-level travel time spent in this place.
 C = Inter-level travel time spent in this place.
 D = Time resting spent in this place.
 E = Time spent auto-exploring this place.
 F = Levels seen in this place.
 G = Mean time per level.
                   A        B        C        D        E       F      G
               +--------+--------+--------+--------+--------+-----+--------+
         Total |  12343 |  11738 |    605 |   1474 |   7870 |  12 | 1028.6 |
       Dungeon |  12343 |  11738 |    605 |   1474 |   7870 |  12 | 1028.6 |
               +--------+--------+--------+--------+--------+-----+--------+

Top non-repeatable levels by time:
     D:3: 1590 daAuts
     D:2: 1458 daAuts
     D:8: 1393 daAuts
    D:11: 1346 daAuts
     D:7: 1216 daAuts
     D:6: 1090 daAuts
     D:5: 1035 daAuts
     D:9: 1006 daAuts
     D:1: 970 daAuts
    D:10: 637 daAuts
     D:4: 508 daAuts
    D:12: 90 daAuts
